 Dungeon Crawl Stone Soup version 0.29.1-12-g30fa7ad0bf (webtiles) character file.

Game seed: 15330933204222757207

7641 specQQ the Earth Mage (level 11, -9/54 HPs)
             Began as a Gargoyle Earth Elementalist on Dec 18, 2022.
             Was a Priest of Vehumet.
             Mangled by an eight-headed hydra (10 damage)
             ... on level 11 of the Dungeon.
             The game lasted 00:43:02 (13942 turns).

specQQ the Earth Mage (GrEE)                       Turns: 13942, Time: 00:43:03

Health: -9/54      AC: 15    Str: 13      XL:     11   Next: 18%
Magic:  26/34      EV: 11    Int: 19      God:    Vehumet [***...]
Gold:   452        SH:  3    Dex: 12 (13) Spells: 19/30 levels left

rFire   + . .      SeeInvis .   G - +0 mace (vorpal)
rCold   + . .      Faith    .   u - +0 buckler
rNeg    + . .      Spirit   .   y - +1 robe {rC+ rF+}
rPois   ∞          Reflect  .   (no helmet)
rElec   +          Harm     .   (no cloak)
rCorr   .          Rampage  .   K - +2 pair of gloves {Dex+3}
Will    .....                   N - +0 pair of boots
Stlth   ++........              x - amulet of the acrobat
HPRegen 0.18/turn               e - ring of magical power
MPRegen 0.24/turn               (no ring)

@: no status effects
A: sickness immunity, AC +8, negative energy resistance 1, electricity
resistance, torment resistance 1, petrification resistance
a: Renounce Religion


You were on level 11 of the Dungeon.
You worshipped Vehumet.
Vehumet was most pleased with you.
You visited 2 branches of the dungeon, and saw 12 of its levels.

You collected 452 gold pieces.

Inventory:

Hand Weapons
 z - the +5 rapier of Purpose {distort, rCorr Dex+3 SInv}
   (You found it on level 4 of the Dungeon)

   It warps and distorts space around it, and may blink, banish, or inflict
   extra damage upon those it strikes.
   Unwielding it can cause banishment or high damage.
   Dex:       It affects your dexterity (+3).
   SInv:      It lets you see invisible.
   rCorr:     It protects you from acid and corrosion.
 G - a +0 vorpal mace (weapon)
 M - a +5 flail
Armour
 i - a +1 chain mail of fire resistance
 u - a +0 buckler (worn)
 y - a +1 robe of resistance (worn)
 K - a +2 pair of gloves of dexterity (worn)
 L - +0 steam dragon scales
 N - a +0 pair of boots (worn)
 P - a +3 leather armour
 T - a +0 kite shield
Magical Staves
 C - a staff of death
 Q - a staff of air
Jewellery
 e - a ring of magical power (left hand)
 x - an amulet of the acrobat (around neck)
 H - a ring of ice
Wands
 F - a wand of polymorph (10)
 J - a wand of flame (6)
 O - a wand of acid (15)
 W - a wand of mindburst (6)
Scrolls
 a - a scroll of amnesia
 f - 2 scrolls of teleportation
 g - 2 scrolls of poison
 h - 5 scrolls of noise
 k - 3 scrolls of fog
 m - a scroll of summoning {unknown}
 o - a scroll of acquirement {unknown}
 p - 3 scrolls of fear
 r - 2 scrolls of enchant armour
 s - a scroll of silence {unknown}
 v - 2 scrolls of magic mapping
 w - a scroll of immolation
 D - a scroll of enchant weapon {unknown}
 R - a scroll of torment {unknown}
Potions
 b - a potion of magic
 c - 6 potions of flight
 d - a potion of might {unknown}
 j - 2 potions of resistance
 l - 5 potions of heal wounds
 n - a potion of brilliance {unknown}
 q - 2 potions of haste {unknown}
 t - 3 potions of curing
 A - 3 potions of degeneration
 B - a potion of ambrosia {unknown}
 E - a potion of berserk rage
 I - 2 potions of lignification {unknown}
 S - 2 potions of mutation {unknown}
 V - a potion of attraction {unknown}
Miscellaneous
 U - a phial of floods


   Skills:
 - Level 1.5 Dodging
 - Level 2.1 Stealth
 - Level 10.0 Spellcasting
 - Level 0.7 Transmutations
 * Level 15.9 Earth Magic


You had 19 spell levels left.
You knew the following spells:

 Your Spells              Type           Power      Damage    Failure   Level
a - Sandblast             Erth           100%       2d20      0%          1
b - Stone Arrow           Conj/Erth      78%        3d11      1%          3
c - Passwall              Tmut/Erth      34%        N/A       1%          2
d - Magic Dart            Conj           36%        1d4       2%          1
e - Petrify               Tmut/Erth      41%        N/A       3%          4

Your spell library contained the following spells:

 Spells                   Type           Power      Damage    Failure   Level
 Dazzling Flash           Conj/Hex       18%        N/A       9%          3
 Shock                    Conj/Air       36%        1d5       2%          1
 Leda's Liquefaction      Hex/Erth       19%        N/A       3%          4
 Summon Small Mammal      Summ           36%        N/A       10%         1
 Blink                    Tloc           18%        N/A       16%         2
 Airstrike                Air            4%         2d(1-17)  24%         4
 Call Canine Familiar     Summ           9%         N/A       30%         3
 Lesser Beckoning         Tloc           9%         N/A       30%         3
 Portal Projectile        Hex/Tloc       18%        N/A       30%         3
 Summon Guardian Golem    Hex/Summ       9%         N/A       30%         3
 Swiftness                Air            9%         N/A       30%         3
 Manifold Assault         Tloc           9%         N/A       95%         5


Dungeon Overview and Level Annotations

Branches:
Dungeon (11/15)            Temple (1/1) D:4             Orc (0/2) D:10
   Lair: D:8-11

Altars:
Ashenzari
Cheibriados
Dithmenos
Elyvilon
Fedhas
Gozag
Hepliaklqana
Kikubaaqudgha
Makhleb
Nemelex Xobeh
Okawaru
Qazlal
Ru
Sif Muna
Trog
Uskayaw
Vehumet
Wu Jian
Xom
Yredelemnul
Zin
The Shining One

Annotations:
D:1 Loot Block
D:7 1 runed translucent door, caveywoolpert's ghost, novice GrEE
D:10 3 runed translucent doors, caveywoolpert's ghost, journeyman DsEE


Innate Abilities, Weirdness & Mutations

You are immune to sickness and miasma.
Your stone body is resilient. (AC +8)
You are immune to poison.
You resist negative energy. (rN+)
You are resistant to electric shocks. (rElec)
You are resistant to unholy torment.
You are immune to petrification.


Message History

The eight-headed hydra barely misses you.
The eight-headed hydra completely misses you. x2
The eight-headed hydra barely misses you.
The eight-headed hydra misses you. The eight-headed hydra bites you.
The eight-headed hydra closely misses you. x2
The eight-headed hydra attacks as you move away!
The eight-headed hydra misses you.
The eight-headed hydra barely misses you.
The eight-headed hydra completely misses you.
The eight-headed hydra closely misses you.
You block the eight-headed hydra's attack.
The eight-headed hydra completely misses you.
The eight-headed hydra barely misses you.
The eight-headed hydra bites you!
* * * LOW HITPOINT WARNING * * *
The eight-headed hydra attacks as you move away!
The eight-headed hydra misses you.
The eight-headed hydra closely misses you.
The eight-headed hydra completely misses you.
The eight-headed hydra misses you. x2
You block the eight-headed hydra's attack.
The eight-headed hydra misses you. The eight-headed hydra bites you.
* * * LOW HITPOINT WARNING * * *
The eight-headed hydra attacks as you move away!
The eight-headed hydra completely misses you.
The eight-headed hydra bites you but does no damage.
The eight-headed hydra barely misses you.
The eight-headed hydra completely misses you.
The eight-headed hydra bites you but does no damage.
The eight-headed hydra barely misses you.
The eight-headed hydra misses you.
The eight-headed hydra closely misses you.
There is a stone staircase leading up here.
The eight-headed hydra bites you but does no damage.
The eight-headed hydra bites you.
* * * LOW HITPOINT WARNING * * *
The eight-headed hydra bites you!
* * * LOW HITPOINT WARNING * * *
The eight-headed hydra bites you!
You die...

#..# #..# ...##.# #..#
#..# ##.##÷# ###..#
##..#####...#.#
.....######.............#
##.........###.####...###
#..#.......###.####.##
#######.#### ##...#.#
#.♣.♣.# #D#.#.# #♣.♣.♣#
##@#.#.# #.♣.♣.#
##.##.#.#
#♣.♣.♣###.###.#.#
#.♣.♣.#...###.#.#
##♣.♣##.........#
♣♣.♣♣#.##.##.### #♣.[.♣#.
#.##.# #.....#. #.##.# .
#.....#. .....#


You could see an eight-headed hydra.

Vanquished Creatures
  A two-headed ogre (D:10)
  Joseph (D:7)
  Maggie (D:7)
  An unseen horror (D:10)
  3 trolls
  A slime creature (D:11)
  A shadow (D:8)
  2 wyverns (D:9)
  3 yaks (D:11)
  A steam dragon (D:9)
  Duvessa (D:7)
  A water moccasin (D:8)
  An acid dragon (D:9)
  2 ice beasts
  2 sky beasts
  3 orc warriors
  3 black bears
  An ogre (D:7)
  A centaur (D:7)
  4 kobold brigands
  2 phantoms
  2 bullfrogs
  A gnoll sergeant (D:9)
  3 necrophages
  3 scorpions
  8 wights
  Dowan (D:7)
  4 killer bees
  6 howler monkeys
  2 quasits (D:4)
  5 hounds
  4 orc priests
  A gnoll bouda (D:6)
  13 orc wizards
  11 gnolls
  6 adders
  5 shadow imps
  4 white imps
  9 ufetubi
  2 worms (D:2)
  3 dart slugs
  29 orcs
  4 ball pythons
  6 endoplasms
  5 giant cockroaches
  5 hobgoblins
  8 jackals
  26 kobolds
  5 quokkas
  7 bats
  4 frilled lizards
  6 goblins
  6 rats
240 creatures vanquished.

Vanquished Creatures (others)
  8 demonic plants (D:4)
  23 plants (D:11)
31 creatures vanquished.

Grand Total: 271 creatures vanquished

Notes
Turn   | Place    | Note
-------+----------+-------------------------------------------
     0 | D:1      | specQQ the Gargoyle Earth Elementalist began the quest for
                  | the Orb.
     0 | D:1      | Reached XP level 1. HP: 10/10 MP: 3/3
    69 | D:1      | Reached skill level 4 in Earth Magic
    90 | D:1      | Reached XP level 2. HP: 15/15 MP: 1/5
   644 | D:1      | Found a faded altar of an unknown god.
   733 | D:1      | Reached XP level 3. HP: 19/19 MP: 6/6
   738 | D:1      | Reached skill level 5 in Earth Magic
  1508 | D:2      | Reached XP level 4. HP: 24/24 MP: 7/7
  1749 | D:2      | Reached skill level 6 in Earth Magic
  2144 | D:3      | Reached XP level 5. HP: 28/28 MP: 8/8
  2343 | D:3      | Reached skill level 7 in Earth Magic
  3131 | D:3      | Reached XP level 6. HP: 32/32 MP: 9/9
  3172 | D:3      | Reached skill level 8 in Earth Magic
  4679 | D:4      | Identified the +5 rapier of Purpose {distort, rCorr Dex+3
                  | SInv}
  4826 | D:4      | Reached skill level 9 in Earth Magic
  4830 | D:4      | Reached XP level 7. HP: 34/36 MP: 10/10
  4950 | D:4      | Found a staircase to the Ecumenical Temple.
  4962 | Temple   | Entered the Ecumenical Temple
  4979 | Temple   | Became a worshipper of Vehumet
  5288 | D:4      | Reached skill level 10 in Earth Magic
  5292 | D:4      | Learned a level 3 spell: Stone Arrow
  5295 | D:4      | Learned a level 2 spell: Passwall
  5443 | D:5      | Entered Level 5 of the Dungeon
  5589 | D:5      | Reached skill level 11 in Earth Magic
  5597 | D:5      | Reached XP level 8. HP: 41/41 MP: 11/11
  5892 | D:5      | Reached skill level 12 in Earth Magic
  6028 | D:5      | Reached * piety under Vehumet
  6028 | D:5      | Offered knowledge of Magic Dart by Vehumet.
  6031 | D:5      | Learned a level 1 spell: Magic Dart
  6366 | D:6      | Reached skill level 13 in Earth Magic
  6385 | D:6      | Reached XP level 9. HP: 45/45 MP: 14/14
  6918 | D:7      | Noticed Maggie
  7291 | D:6      | Reached skill level 5 in Spellcasting
  7643 | D:7      | Reached ** piety under Vehumet
  7685 | D:7      | Noticed Duvessa
  7687 | D:7      | Noticed Dowan
  7694 | D:7      | Killed Duvessa
  7699 | D:7      | Killed Dowan
  7699 | D:7      | Offered knowledge of Static Discharge by Vehumet.
  7916 | D:7      | Learned a level 4 spell: Petrify
  8107 | D:7      | Killed Maggie
  8244 | D:7      | Noticed Joseph
  8782 | D:8      | Reached XP level 10. HP: 50/50 MP: 22/22
  9583 | D:8      | Found a bloodstained altar of Trog.
  9844 | D:8      | Offered knowledge of Dazzling Flash by Vehumet.
 10095 | D:7      | Found a runed translucent door.
 10096 | D:7      | Noticed caveywoolpert's ghost (novice GrEE)
 10129 | D:7      | Killed Joseph
 10130 | D:7      | Reached skill level 10 in Spellcasting
 10748 | D:9      | Reached *** piety under Vehumet
 12096 | D:10     | Entered Level 10 of the Dungeon
 12117 | D:10     | Reached skill level 14 in Earth Magic
 12125 | D:10     | Found a stormy altar of Qazlal.
 12132 | D:10     | Found an ancient bone altar of Kikubaaqudgha.
 12194 | D:10     | Noticed a two-headed ogre
 12225 | D:10     | Found a runed translucent gate.
 12225 | D:10     | Found a runed translucent gate.
 12225 | D:10     | Found a runed translucent gate.
 12229 | D:10     | Noticed a spectral centaur warrior
 12231 | D:10     | Noticed caveywoolpert's ghost (journeyman DsEE)
 12243 | D:10     | Killed a two-headed ogre
 13061 | D:10     | Found a staircase to the Orcish Mines.
 13110 | D:10     | Killed an unseen horror
 13111 | D:10     | Reached skill level 15 in Earth Magic
 13111 | D:10     | Reached XP level 11. HP: 26/54 MP: 23/25
 13873 | D:11     | Noticed a red ugly thing
 13889 | D:11     | Noticed an eight-headed hydra
 13942 | D:11     | HP: 1/54 [eight-headed hydra (9)]
 13942 | D:11     | Mangled by an eight-headed hydra

Illustrated notes

Levels and vault maps discovered:
D:1:      dpeg_arrival_signposts, layout_rooms,
          shapermc_ecumenical_altar_mp_highgroup, due_unseen_surprise
D:2:      layout_loops_corners, minmay_misc_feat_enclosed
D:3:      layout_loops_corners, minmay_diced_spiral
D:4:      layout_rooms, minmay_temple_entry_stoned_glass, serial_demonic,
          serial_demonic_e, serial_demonic_a, serial_demonic_a,
          serial_demonic_d, serial_demonic_g, serial_demonic_g,
          serial_demonic_f, serial_demonic_e, serial_demonic_c, serial_demonic_a
D:5:      layout_cave_pools, kennysheep_another_room
D:6:      layout_rooms
D:7:      layout_cave_pools, gammafunk_ghost_grave, uniq_maggie, uniq_joseph,
          uniq_duvessa
D:8:      layout_loops_corners, lightli_temple_of_fire
D:9:      layout_irregular_city
D:10:     layout_big_octagon, grunt_temple_overflow_open, orc_0_dummy,
          gammafunk_ghost_necromancy
D:11:     nzn_winding_woodlands_large [nzn_winding_woodlands_5x5_three,
          nzn_winding_woodlands_5x15_parted,
          nzn_winding_woodlands_5x5_checkerboard,
          nzn_winding_woodlands_center_triple_pond,
          nzn_winding_woodlands_15x15_five_gardens,
          nzn_winding_woodlands_center_lodge,
          nzn_winding_woodlands_5x5_open_star,
          nzn_winding_woodlands_5x15_split_checker,
          nzn_winding_woodlands_hourglass], layout_loops_ring,
          dpeg_lair_monsters
Temple:   nicolae_temple_bog_church

Skill      XL: |  1  2  3  4  5  6  7  8  9 10 |
---------------+-------------------------------+-----
Earth Magic    | 4 5 6 7 9 11 13 15 | 15.9
Spellcasting   | 3 8 10 | 10.0
Dodging        | |  1.5
Stealth        | |  2.1
Transmutations | |  0.7

Action                   |  1- 3 |  4- 6 |  7- 9 | 10-12 || total
-------------------------+-------+-------+-------+-------++-------
Melee: Flail             |       |     1 |       |       ||     1
 Cast: Sandblast         |    49 |    95 |   126 |   107 ||   377
       Stone Arrow       |       |       |    16 |    42 ||    58
       Magic Dart        |       |       |     2 |       ||     2
       Petrify           |       |       |       |     5 ||     5
  Use: Scroll            |     2 |     2 |     2 |     7 ||    13
       Potion            |       |       |       |     1 ||     1
Armor: Robe              |     3 |    30 |    37 |    26 ||    96
Dodge: Dodged            |     7 |    36 |    69 |    75 ||   187
Block: Buckler           |       |    11 |    20 |     6 ||    37
